[ AOE2 MATCH · #495967117 ]
UnrankedMapuche vs Shu
Player's team · LOSS
Rival team · WIN
[ REPLAY ANALYSIS · EXTRACTED FROM THE RECORDED GAME ]
Feudal
9:29
Castle
22:25
Imperial
41:27
| APM avg | 61.8 |
| APM peak | 95 |
| eAPM avg | 21.9 |
| Villagers / military | 134 / 163 |
Focus
⚔️ 26.1% · 🌾 73.9%
Bolas Rider ×90 · Petard ×31 · Skirmisher ×23 · Spearman ×12 · Mangonel ×4 · Trebuchet (Packed) ×3
Feudal
8:52
Castle
20:48
Imperial
38:48
| APM avg | 44.4 |
| APM peak | 75 |
| eAPM avg | 24.2 |
| Villagers / military | 180 / 88 |
Focus
⚔️ 38.3% · 🌾 61.7%
Archer ×67 · Unknown (1944) ×31 · Scout Cavalry ×12 · Unknown (1942) ×12 · Cavalry Archer ×5 · Mangonel ×4
Match map
Initial resources + every placement click. Lines = walls · curves = elevation contours. ◆ gold · ⬟ stone · ● berries · ✦ relic · ◌ wall gap
Your base· ✓ Closed at 22:25 · 40t walls · no gate
Talentless's base· Open — 4t gap
Smoothed initial terrain · ◌ = detected wall gap · hover for details
Inputs per minute
— SirChorizo - - Talentless
Build order — SirChorizo
First 150 of 344 actions detected
| 0:01 | Queue | Villager (Male) |
| 0:02 | Queue | Villager (Male) |
| 0:03 | Build | House |
| 0:04 | Build | House |
| 0:05 | Queue | Villager (Male) |
| 0:08 | Queue | Villager (Male) |
| 1:24 | Queue | Villager (Male) |
| 2:02 | Queue | Villager (Male) |
| 2:22 | Queue | Villager (Male) |
| 2:45 | Queue | Villager (Male) |
| 2:57 | Build | Settlement |
| 3:15 | Queue | Villager (Male) |
| 3:18 | Queue | Villager (Male) |
| 3:58 | Queue | Villager (Male) |
| 4:00 | Queue | Villager (Male) |
| 4:54 | Queue | Villager (Male) |
| 5:04 | Build | Settlement |
| 5:29 | Queue | Villager (Male) |
| 5:30 | Queue | Villager (Male) |
| 5:30 | Queue | Villager (Male) |
| 5:42 | Queue | Villager (Male) |
| 5:51 | Queue | Villager (Male) |
| 6:04 | Research | Loom |
| 7:19 | Research | Feudal Age |
| 7:32 | Build | Settlement |
| 8:04 | Build | Palisade Wall |
| 8:06 | Build | Palisade Wall |
| 8:11 | Build | Palisade Wall |
| 8:14 | Build | Palisade Wall |
| 8:15 | Build | Palisade Wall |
| 8:16 | Build | Palisade Wall |
| 8:29 | Build | Palisade Wall |
| 8:42 | Queue | Villager (Male) |
| 9:29 | Age | Feudal Age |
| 9:33 | Queue | Spearman |
| 9:33 | Queue | Skirmisher |
| 9:33 | Queue | Skirmisher |
| 9:34 | Queue | Skirmisher |
| 9:35 | Queue | Villager (Male) |
| 9:35 | Queue | Villager (Male) |
| 9:40 | Build | Blacksmith |
| 9:53 | Build | Palisade Wall |
| 10:02 | Queue | Villager (Male) |
| 10:07 | Research | Double-Bit Axe |
| 10:16 | Build | Palisade Wall |
| 10:17 | Build | Palisade Wall |
| 10:23 | Queue | Villager (Male) |
| 10:26 | Build | House |
| 10:27 | Research | Fletching |
| 10:28 | Research | Fletching |
| 10:29 | Queue | Villager (Male) |
| 10:36 | Build | Barracks |
| 10:41 | Research | Town Watch |
| 10:43 | Queue | Villager (Male) |
| 10:47 | Queue | Villager (Male) |
| 10:49 | Queue | Skirmisher ×2 |
| 10:53 | Queue | Villager (Male) |
| 11:26 | Queue | Spearman |
| 11:29 | Queue | Villager (Male) |
| 11:31 | Build | Farm |
| 11:33 | Build | Farm |
| 11:57 | Queue | Villager (Male) |
| 12:07 | Build | Palisade Wall |
| 12:16 | Build | Palisade Wall |
| 12:21 | Build | Palisade Wall |
| 12:23 | Build | Palisade Wall |
| 12:35 | Research | Horse Collar |
| 12:43 | Queue | Villager (Male) |
| 12:55 | Queue | Spearman |
| 13:06 | Build | Farm |
| 13:06 | Build | Farm |
| 13:07 | Build | Farm |
| 13:07 | Build | Farm |
| 13:09 | Queue | Villager (Male) |
| 13:16 | Queue | Villager (Male) |
| 13:20 | Build | House |
| 13:21 | Build | House |
| 13:28 | Build | Settlement |
| 13:34 | Queue | Villager (Male) |
| 13:49 | Queue | Villager (Male) |
| 13:56 | Build | Palisade Wall |
| 14:01 | Build | Palisade Wall |
| 14:31 | Build | Farm |
| 14:38 | Build | Farm |
| 14:38 | Build | Farm |
| 14:39 | Build | Farm |
| 14:40 | Queue | Villager (Male) |
| 14:44 | Build | Farm |
| 14:46 | Build | Farm |
| 14:56 | Queue | Spearman |
| 15:08 | Queue | Villager (Male) |
| 15:44 | Queue | Spearman |
| 15:52 | Build | House |
| 15:53 | Build | House |
| 16:19 | Queue | Villager (Male) |
| 16:23 | Queue | Skirmisher ×5 |
| 16:23 | Queue | Skirmisher |
| 16:43 | Build | House |
| 16:44 | Build | House |
| 16:56 | Queue | Villager (Male) |
| 16:56 | Queue | Villager (Male) |
| 17:54 | Queue | Villager (Male) |
| 18:17 | Queue | Villager (Male) |
| 18:28 | Build | Farm |
| 18:40 | Build | Archery Range |
| 18:43 | Queue | Villager (Male) |
| 18:46 | Build | Farm |
| 18:53 | Build | Palisade Wall |
| 19:00 | Build | Farm |
| 19:11 | Build | Palisade Wall |
| 19:12 | Queue | Villager (Male) |
| 19:45 | Research | Castle Age |
| 19:51 | Build | House |
| 20:23 | Queue | Spearman |
| 20:23 | Queue | Spearman |
| 20:45 | Queue | Villager (Male) |
| 21:05 | Queue | Villager (Male) |
| 21:10 | Build | Archery Range |
| 21:14 | Research | Gold Mining |
| 21:14 | Research | Gold Mining |
| 21:18 | Queue | Spearman |
| 21:19 | Queue | Skirmisher ×3 |
| 21:27 | Build | Farm |
| 21:47 | Queue | Skirmisher |
| 21:47 | Queue | Skirmisher |
| 21:58 | Queue | Villager (Male) |
| 22:10 | Build | House |
| 22:11 | Build | House |
| 22:25 | Age | Castle Age |
| 22:29 | Queue | Bolas Rider |
| 22:29 | Queue | Bolas Rider |
| 22:29 | Queue | Bolas Rider |
| 22:30 | Queue | Bolas Rider |
| 22:38 | Research | Pikeman (upgrade) |
| 22:44 | Queue | Villager (Male) |
| 22:54 | Queue | Villager (Male) |
| 23:16 | Research | Scale Mail Armor |
| 23:24 | Queue | Villager (Male) |
| 23:33 | Build | Town Center |
| 23:41 | Queue | Bolas Rider |
| 23:42 | Queue | Bolas Rider |
| 23:44 | Queue | Villager (Male) |
| 23:50 | Queue | Villager (Male) |
| 24:04 | Queue | Villager (Male) |
| 24:11 | Queue | Villager (Male) |
| 24:15 | Research | Elite Skirmisher (upgrade) |
| 24:17 | Queue | Skirmisher |
| 24:20 | Queue | Villager (Male) |
| 24:33 | Queue | Villager (Male) |
| 24:43 | Queue | Bolas Rider |
Build order — Talentless
First 150 of 465 actions detected
| 0:00 | Queue | Villager (Male) |
| 0:00 | Queue | Villager (Male) |
| 0:02 | Build | House |
| 0:03 | Build | House |
| 0:05 | Queue | Villager (Male) |
| 0:05 | Queue | Villager (Male) |
| 1:32 | Queue | Villager (Male) |
| 1:32 | Queue | Villager (Male) |
| 1:45 | Build | Lumber Camp |
| 1:55 | Queue | Villager (Male) |
| 2:23 | Queue | Villager (Male) |
| 2:23 | Queue | Villager (Male) |
| 2:54 | Queue | Villager (Male) |
| 2:58 | Queue | Villager (Male) |
| 3:23 | Build | House |
| 3:24 | Build | House |
| 3:25 | Build | Palisade Wall |
| 3:34 | Queue | Villager (Male) |
| 3:34 | Queue | Villager (Male) |
| 4:06 | Queue | Villager (Male) |
| 4:06 | Queue | Villager (Male) |
| 4:48 | Build | Mill |
| 4:57 | Queue | Villager (Male) |
| 5:20 | Queue | Villager (Male) |
| 5:39 | Research | Loom |
| 5:45 | Queue | Villager (Male) |
| 6:08 | Research | Loom |
| 6:42 | Research | Feudal Age |
| 7:06 | Build | Barracks |
| 7:17 | Build | Palisade Wall |
| 7:18 | Build | Palisade Wall |
| 7:21 | Build | Palisade Wall |
| 7:23 | Build | Palisade Wall |
| 8:10 | Queue | Villager (Male) |
| 8:52 | Age | Feudal Age |
| 8:54 | Build | Stable |
| 8:58 | Queue | Villager (Male) |
| 9:12 | Research | Double-Bit Axe |
| 9:36 | Queue | Villager (Male) |
| 9:47 | Queue | Scout Cavalry |
| 9:48 | Queue | Scout Cavalry |
| 9:50 | Build | Mining Camp |
| 9:54 | Queue | Villager (Male) |
| 10:26 | Queue | Villager (Male) |
| 10:31 | Queue | Scout Cavalry |
| 10:38 | Build | House |
| 10:39 | Build | Archery Range |
| 10:42 | Research | Town Watch |
| 10:55 | Build | House |
| 11:10 | Queue | Villager (Male) |
| 11:16 | Build | Farm |
| 11:17 | Build | Farm |
| 11:31 | Queue | Villager (Male) |
| 11:33 | Queue | Scout Cavalry |
| 11:40 | Queue | Archer |
| 11:49 | Build | Farm |
| 11:56 | Queue | Villager (Male) |
| 12:03 | Queue | Villager (Male) |
| 12:05 | Build | House |
| 12:16 | Build | Farm |
| 12:23 | Queue | Archer |
| 12:23 | Queue | Archer |
| 12:30 | Queue | Villager (Male) |
| 12:40 | Build | Farm |
| 12:44 | Queue | Scout Cavalry |
| 12:55 | Queue | Villager (Male) |
| 13:08 | Build | Farm |
| 13:11 | Queue | Archer |
| 13:12 | Queue | Archer |
| 13:22 | Build | Farm |
| 13:24 | Queue | Villager (Male) |
| 13:28 | Build | Blacksmith |
| 13:58 | Queue | Villager (Male) |
| 14:04 | Research | Fletching |
| 14:17 | Build | Farm |
| 14:17 | Build | Farm |
| 14:22 | Build | Farm |
| 14:24 | Build | Farm |
| 14:30 | Queue | Villager (Male) |
| 14:48 | Queue | Archer |
| 14:48 | Queue | Archer |
| 14:52 | Build | House |
| 14:53 | Build | House |
| 14:54 | Build | House |
| 15:03 | Research | Wheelbarrow |
| 15:15 | Build | Farm |
| 15:33 | Build | Farm |
| 15:56 | Queue | Villager (Male) |
| 15:58 | Build | Farm |
| 16:08 | Queue | Villager (Male) |
| 16:21 | Queue | Archer |
| 16:21 | Queue | Archer |
| 16:24 | Build | House |
| 16:25 | Build | Palisade Wall |
| 16:51 | Build | Farm |
| 16:53 | Build | Farm |
| 17:01 | Queue | Villager (Male) |
| 17:36 | Queue | Villager (Male) |
| 18:08 | Research | Castle Age |
| 18:08 | Research | Castle Age |
| 18:12 | Build | Stable |
| 18:16 | Research | Gold Mining |
| 18:23 | Queue | Scout Cavalry |
| 18:23 | Queue | Scout Cavalry |
| 18:50 | Build | Palisade Wall |
| 18:51 | Build | House |
| 18:52 | Build | Palisade Wall |
| 18:59 | Queue | Scout Cavalry |
| 19:01 | Queue | Scout Cavalry |
| 19:02 | Queue | Scout Cavalry |
| 19:08 | Research | Horse Collar |
| 19:54 | Build | Palisade Wall |
| 19:59 | Build | House |
| 20:09 | Queue | Scout Cavalry |
| 20:09 | Queue | Scout Cavalry |
| 20:11 | Build | Farm |
| 20:12 | Build | Farm |
| 20:48 | Age | Castle Age |
| 20:54 | Research | Light Cavalry (upgrade) |
| 20:55 | Research | Scale Barding Armor |
| 20:56 | Queue | Villager (Male) |
| 20:57 | Queue | Villager (Male) |
| 21:06 | Build | Town Center |
| 21:13 | Build | Farm |
| 21:36 | Queue | Villager (Male) |
| 21:39 | Research | Bow Saw |
| 21:42 | Build | Lumber Camp |
| 22:26 | Queue | Villager (Male) |
| 22:27 | Queue | Villager (Male) |
| 22:37 | Build | Farm |
| 22:43 | Queue | Villager (Male) |
| 22:44 | Queue | Villager (Male) |
| 22:48 | Research | Forging |
| 22:55 | Build | Market |
| 22:56 | Build | House |
| 22:57 | Build | Palisade Wall |
| 23:19 | Queue | Villager (Male) |
| 23:20 | Build | Farm |
| 23:24 | Build | Farm |
| 23:26 | Build | Farm |
| 23:33 | Queue | Villager (Male) |
| 23:33 | Queue | Villager (Male) |
| 24:10 | Queue | Villager (Male) |
| 24:10 | Queue | Villager (Male) |
| 24:11 | Build | Farm |
| 24:12 | Build | Farm |
| 24:14 | Build | Farm |
| 24:20 | Build | Siege Workshop |
| 24:22 | Queue | Villager (Male) |
| 24:25 | Queue | Unit 1944 |
Match timeline
| 3:25 | Talentless · wall_segment Palisade Wall x1 |
| 7:06 | Talentless · first_building Barracks |
| 7:17 | Talentless · wall_segment Palisade Wall x1 |
| 7:18 | Talentless · wall_segment Palisade Wall x1 |
| 7:21 | Talentless · wall_segment Palisade Wall x1 |
| 7:23 | Talentless · wall_segment Palisade Wall x1 |
| 8:04 | SirChorizo · wall_segment Palisade Wall x1 |
| 8:06 | SirChorizo · wall_segment Palisade Wall x1 |
| 8:11 | SirChorizo · wall_segment Palisade Wall x1 |
| 8:14 | SirChorizo · wall_segment Palisade Wall x1 |
| 8:15 | SirChorizo · wall_segment Palisade Wall x1 |
| 8:16 | SirChorizo · wall_segment Palisade Wall x1 |
| 8:29 | SirChorizo · wall_segment Palisade Wall x4 |
| 8:52 | Talentless · age_up feudal |
| 8:54 | Talentless · first_building Stable |
| 9:29 | SirChorizo · age_up feudal |
| 9:53 | SirChorizo · wall_segment Palisade Wall x1 |
| 10:16 | SirChorizo · wall_segment Palisade Wall x1 |
| 10:17 | SirChorizo · wall_segment Palisade Wall x1 |
| 10:36 | SirChorizo · first_building Barracks |
| 10:39 | Talentless · first_building Archery Range |
| 12:07 | SirChorizo · wall_segment Palisade Wall x9 |
| 12:16 | SirChorizo · wall_segment Palisade Wall x1 |
| 12:21 | SirChorizo · wall_segment Palisade Wall x1 |
| 12:23 | SirChorizo · wall_segment Palisade Wall x1 |
| 13:56 | SirChorizo · wall_segment Palisade Wall x1 |
| 14:01 | SirChorizo · wall_segment Palisade Wall x1 |
| 16:25 | Talentless · wall_segment Palisade Wall x4 |
| 18:40 | SirChorizo · first_building Archery Range |
| 18:50 | Talentless · wall_segment Palisade Wall x1 |
| 18:52 | Talentless · wall_segment Palisade Wall x1 |
| 18:53 | SirChorizo · wall_segment Palisade Wall x12 |
| 19:11 | SirChorizo · wall_segment Palisade Wall x1 |
| 19:54 | Talentless · wall_segment Palisade Wall x11 |
| 20:48 | Talentless · age_up castle |
| 22:25 | SirChorizo · age_up castle |
| 22:57 | Talentless · wall_segment Palisade Wall x1 |
| 24:20 | Talentless · first_building Siege Workshop |
| 24:30 | Talentless · first_market_buy 100 food |
| 26:16 | Talentless · wall_segment Palisade Wall x1 |
| 26:49 | SirChorizo · first_building Siege Workshop |
| 26:53 | Talentless · first_market_sell 100 wood |
| 30:49 | SirChorizo · first_building Monastery |
| 32:11 | Talentless · first_building Castle |
| 36:54 | Talentless · wall_segment Palisade Wall x1 |
| 37:11 | SirChorizo · first_building Castle |
| 38:48 | Talentless · age_up imperial |
| 41:27 | SirChorizo · age_up imperial |
| 48:04 | SirChorizo · resign |
[ AI ANALYSIS · 1 CREDIT ]
What really happened in this match?
Wolo.gg analyzes every decision: build order, eco, micro, common mistakes by bracket. Personalized analysis on WhatsApp or Discord in 30 seconds.
Civ guide
Mapuche
Perfil
Jugador #4060802